 Dungeon Crawl Stone Soup version 0.29-a0-296-gda187f2e07 (webtiles) character file.

Game seed: 6942646572741025465

2937 Gargoyl the Cleaver (level 9, 0/56 HPs)
             Began as a Gargoyle Abyssal Knight on Mar 19, 2022.
             Was an Elder of Lugonu.
             Slain by a slime creature (9 damage)
             ... on level 7 of the Dungeon.
             The game lasted 00:09:56 (7519 turns).

Gargoyl the Cleaver (Gargoyle Abyssal Knight)       Turns: 7519, Time: 00:09:57

Health: 0/56       AC: 18    Str: 21    XL:     9   Next: 80%
Magic:  13/13      EV: 12    Int: 11    God:    Lugonu [****..]
Gold:   565        SH:  0    Dex: 10    Spells: 8/8 levels left

rFire   . . .      SeeInvis .   n - +2 war axe
rCold   . . .      Faith    .   (no shield)
rNeg    + . .      Spirit   .   h - +0 chain mail
rPois   ∞          Reflect  .   (helmet restricted)
rElec   +          Harm     .   (no cloak)
rCorr   +          Rampage  .   e - +0 pair of gloves
Will    +....                   (no boots)
Stlth   ..........              (no amulet)
HPRegen 0.18/turn               m - ring of resist corrosion
MPRegen 0.13/turn               j - +4 ring of evasion

@: mighty
A: sickness immunity, AC +6, negative energy resistance 1, electricity
resistance, torment resistance 1, petrification resistance, horns 1,
strong-willed 1
a: Renounce Religion, Depart the Abyss, Bend Space, Banish, Corrupt


You were on level 7 of the Dungeon.
You worshipped Lugonu.
Lugonu was greatly pleased with you.
You visited 1 branch of the dungeon, and saw 7 of its levels.
You visited the Abyss 1 time.
You also visited: Ossuary.

You collected 565 gold pieces.

Inventory:

Hand Weapons
 a - a +1 hand axe
 n - a +2 war axe (weapon)
Missiles
 c - 11 poisoned darts (quivered)
 d - 3 silver javelins
Armour
 e - a +0 pair of gloves (worn)
 f - a +1 helmet
 h - a +0 chain mail (worn)
Jewellery
 j - a +4 ring of evasion (right hand)
 m - a ring of resist corrosion (left hand)
 r - a +6 ring of strength
Wands
 k - a wand of polymorph (10)
 o - a wand of paralysis (5)
Scrolls
 b - a scroll of blinking
 l - 2 scrolls of teleportation
Potions
 g - a potion of haste
 i - a potion of brilliance
 p - a potion of invisibility


   Skills:
 + Level 6.6 Fighting
 + Level 8.1 Axes
 + Level 1.2 Throwing
 + Level 7.4 Armour
 + Level 1.5 Dodging
 + Level 0.2 Stealth
 * Level 5.8 Invocations


You had 8 spell levels left.
You didn't know any spells.
Your spell library contained the following spells:

 Spells                   Type           Power      Damage    Failure   Level
 Apportation              Tloc           0%         N/A       95%         1
 Stone Arrow              Conj/Erth      0%         3d7       100%        3
 Animate Armour           Summ/Erth      0%         N/A       100%        4
 Alistair's Intoxication  Tmut/Pois      0%         N/A       100%        5
 Lehudib's Crystal Spear  Conj/Erth      0%         10d2      100%        8


Dungeon Overview and Level Annotations

Branches:
Dungeon (7/15)             Temple (0/1) D:6         Ossuary (visited)

Altars:
Elyvilon
Qazlal
Trog
Wu Jian
Yredelemnul

Annotations:
D:7 3 runed translucent doors, Wizop's ghost, novice KoHu


Innate Abilities, Weirdness & Mutations

You are immune to sickness and miasma.
Your stone body is resilient. (AC +6)
You are immune to poison.
You resist negative energy. (rN+)
You are resistant to electric shocks. (rElec)
You are resistant to unholy torment.
You are immune to petrification.
You have a pair of small horns on your head.
You are strong-willed. (Will+)


Message History

You hit the slime creature. You headbutt the slime creature.
The slime creature is heavily wounded.
You hit the slime creature. The slime creature hits you!
The slime creature hits you but does no damage.
Unknown command.
You slash the slime creature!
Your headbutt misses the slime creature.
The slime creature is severely wounded.
You slash the slime creature! The slime creature closely misses you.
The slime creature hits you but does no damage.
You barely miss the slime creature.
Your headbutt misses the slime creature.
The slime creature is severely wounded.
You completely miss the slime creature. The slime creature misses you.
The slime creature closely misses you.
Unknown command.
You slash the slime creature!
The slime creature is almost dead.
You hit the slime creature. The slime creature barely misses you.
The slime creature hits you but does no damage.
You hit the slime creature. You headbutt the slime creature!
You kill the slime creature!
Lugonu accepts your kill.
You barely miss the slime creature.
The slime creature hits you but does no damage.
Your Axes skill increases to level 8!
Unknown command.
The slime creature attacks as you move away!
The slime creature hits you!
* * * LOW HITPOINT WARNING * * *
The slime creature attacks as you move away!
The slime creature hits you.
* * * LOW HITPOINT WARNING * * *
It was a potion of might.
You feel very mighty all of a sudden.
The slime creature hits you but does no damage.
You hit the slime creature. You headbutt the slime creature!
The slime creature is severely wounded.
The slime creature hits you!
You die...

♣+♣♣♣+♣#.#######.######
#....(.........#
#########.####.# #.#
#.# #. #.# #.# #. #.#
#.# #. #.# #.# #J #J#
#.# ###. #@# #.# ...
#<# #.# #J#########.#
#...........#
#############


You could see a slime creature.

Vanquished Creatures
  An unseen horror (D:6)
  4 slime creatures
  2 ice beasts
  5 black bears
  A centaur (D:7)
  An elf zombie (Ossuary)
  A bullfrog (D:7)
  3 scorpions
  7 wights
  A jelly (D:7)
  A gnoll shaman (D:6)
  2 human zombies (Ossuary)
  3 hounds (D:6)
  5 iguanas
  An orc wizard (D:5)
  2 mummies (Ossuary)
  5 gnolls
  4 adders
  A shadow imp (D:5)
  2 dart slugs
  11 orcs
  6 ball pythons
  5 bats
  6 endoplasms
  7 goblins
  3 hobgoblins
  4 quokkas
  8 frilled lizards
  5 gnoll zombies (Ossuary)
  2 goblin zombies (Ossuary)
  A hobgoblin zombie (Ossuary)
  5 kobolds
  3 orc zombies (Ossuary)
  A quokka zombie (D:4)
  3 rats
  A rat zombie (D:4)
123 creatures vanquished.

Vanquished Creatures (collateral kills)
  A hobgoblin (D:3)
  A quokka (D:3)
2 creatures vanquished.

Vanquished Creatures (others)
  3 fungi (D:7)
  11 plants
14 creatures vanquished.

Grand Total: 139 creatures vanquished

Notes
Turn   | Place    | Note
-------+----------+-------------------------------------------
     0 | Abyss:1  | Gargoyl the Gargoyle Abyssal Knight began the quest for the
                  | Orb.
     0 | Abyss:1  | Reached XP level 1. HP: 14/14 MP: 2/2
    20 | Abyss:1  | Noticed a hell hog
    21 | D:1      | Escaped the Abyss
   152 | D:1      | Reached ** piety under Lugonu
   384 | D:1      | Reached XP level 2. HP: 18/19 MP: 3/3
   553 | D:1      | Found a faded altar of an unknown god.
  1126 | D:2      | Reached skill level 2 in Axes
  1126 | D:2      | Reached XP level 3. HP: 24/24 MP: 4/4
  1477 | D:2      | Reached skill level 1 in Dodging
  1702 | D:3      | Found a white marble altar of Elyvilon.
  1717 | D:3      | Reached XP level 4. HP: 29/29 MP: 5/5
  2218 | D:3      | Reached skill level 3 in Axes
  2782 | D:4      | Reached XP level 5. HP: 21/33 MP: 6/6
  2918 | D:4      | Found a basalt altar of Yredelemnul.
  2929 | D:4      | Found an ornate altar of the Wu Jian Council.
  2980 | D:4      | Found a sand-covered staircase.
  2988 | Ossuary  | Entered an ossuary
  3265 | Ossuary  | Reached *** piety under Lugonu
  3281 | Ossuary  | Reached skill level 4 in Axes
  3281 | Ossuary  | Reached XP level 6. HP: 26/39 MP: 7/7
  3598 | D:4      | Gained mutation: You are somewhat resistant to further
                  | mutation. [potion of mutation]
  4459 | D:5      | Entered Level 5 of the Dungeon
  4627 | D:5      | Noticed a black bear
  4638 | D:5      | Killed a black bear
  4639 | D:5      | Reached skill level 5 in Axes
  4639 | D:5      | Reached XP level 7. HP: 24/44 MP: 8/8
  5244 | D:6      | Found a staircase to the Ecumenical Temple.
  5426 | D:6      | Reached skill level 5 in Fighting
  5493 | D:6      | Found a bloodstained altar of Trog.
  5519 | D:6      | Reached skill level 6 in Axes
  5519 | D:6      | Reached skill level 5 in Armour
  5519 | D:6      | Reached XP level 8. HP: 34/49 MP: 9/9
  5822 | D:6      | Killed an unseen horror
  5823 | D:6      | Reached skill level 1 in Throwing
  6590 | D:7      | Found a runed translucent gate.
  6590 | D:7      | Found a runed translucent gate.
  6592 | D:7      | Found a runed translucent gate.
  6592 | D:7      | Noticed Wizop's ghost (novice KoHu)
  6643 | D:7      | Reached skill level 7 in Axes
  6643 | D:7      | Reached XP level 9. HP: 55/55 MP: 12/12
  6751 | D:7      | Reached skill level 5 in Invocations
  7125 | D:7      | Lost mutation: You are somewhat resistant to further
                  | mutation. [potion of mutation]
  7125 | D:7      | Gained mutation: You have a pair of small horns on your
                  | head. [potion of mutation]
  7125 | D:7      | Gained mutation: You are strong-willed. (Will+) [potion of
                  | mutation]
  7156 | D:7      | Found a stormy altar of Qazlal.
  7213 | D:7      | Reached **** piety under Lugonu
  7511 | D:7      | Reached skill level 8 in Axes
  7519 | D:7      | Slain by a slime creature

Illustrated notes

Levels and vault maps discovered:
D:1:      sevenhm_arrival_forest_fort_large_2, layout_loops_ring,
          ebering_ecumenical_altar_mist, feat_on_display
D:2:      layout_rooms
D:3:      layout_basic, mainiacjoe_overflow_surrounded_room, minmay_lizard_king
D:4:      layout_layer_cave, mainiacjoe_overflow_catwalk_spiral, enter_ossuary_4
D:5:      layout_rooms, minmay_misc_feat_pillars
D:6:      minmay_inner_zag, layout_basic, trog_ov_bears_minmay,
          minmay_temple_entry_mist
D:7:      layout_basic, mainiacjoe_overflow_paths, makhleb_grotto_becter,
          mainiacjoe_overflow_six_doors_small, gammafunk_ghost_nasty_kobolds

Skill      XL: |  1  2  3  4  5  6  7  8  9 |
---------------+----------------------------+-----
Fighting       | 4 5 6 |  6.6
Axes           | 2 3 4 5 6 7 8 |  8.1
Armour         | 3 4 5 6 7 |  7.4
Dodging        | 1 |  1.5
Throwing       | 1 |  1.2
Invocations    | 4 5 |  5.8
Stealth        | |  0.2

Action                   |  1- 3 |  4- 6 |  7- 9 || total
-------------------------+-------+-------+-------++-------
Melee: Hand axe          |    99 |    34 |       ||   133
       Punch             |     1 |     4 |     2 ||     7
       War axe           |       |   124 |   188 ||   312
       Headbutt          |       |       |    14 ||    14
Throw: Dart              |       |    11 |     7 ||    18
Invok: Depart the Abyss  |     1 |       |       ||     1
       Banish            |       |       |     2 ||     2
  Use: Scroll            |     3 |    10 |     4 ||    17
       Potion            |       |     1 |     6 ||     7
Armor: Leather armour    |    57 |       |       ||    57
       Chain mail        |       |   149 |   194 ||   343
Dodge: Dodged            |    66 |    72 |   116 ||   254

Table legend: (Time is in decaauts)
 A = Elapsed time spent in this place.
 B = Non-inter-level travel time spent in this place.
 C = Inter-level travel time spent in this place.
 D = Time resting spent in this place.
 E = Time spent auto-exploring this place.
 F = Levels seen in this place.
 G = Mean time per level.
                   A        B        C        D        E       F      G
               +--------+--------+--------+--------+--------+-----+--------+
         Total |   7620 |   7477 |    143 |    725 |   5273 |   9 |  846.7 |
       Dungeon |   6995 |   6852 |    143 |    595 |   4903 |   7 |  999.3 |
         Abyss |     21 |     21 |      0 |      0 |     19 |   1 |   21.0 |
       Ossuary |    603 |    603 |      0 |    130 |    351 |   1 |  603.0 |
               +--------+--------+--------+--------+--------+-----+--------+

Top non-repeatable levels by time:
     D:6: 1583 daAuts
     D:3: 1194 daAuts
     D:1: 1052 daAuts
     D:4: 1027 daAuts
     D:5: 794 daAuts
     D:7: 725 daAuts
     D:2: 618 daAuts
 Ossuary: 603 daAuts
 Abyss:1: 21 daAuts
